Workbook

Sheet Deudas
A1: Método bola de nieve
A2: Ordena las deudas de menor a mayor saldo · celdas amarillas = tus datos
A4: Pago extra al mes | C4: 200
A5: Total de las deudas | C5: =SUM(C11:C15)
A6: Presupuesto mensual para deudas | C6: =SUM(E11:E15)+C4
A7: Intereses totales que pagarás | C7: =SUM(Simulación!W5:W100)
A8: Meses hasta quedar libre de deudas | C8: =MAX(F11:F15)
A10: Orden | B10: Deuda | C10: Saldo | D10: Interés anual (TIN) | E10: Pago mínimo | F10: Se liquida en el mes
A11: 1 | B11: Tarjeta de unos grandes almacenes | C11: 650 | D11: 0.2 | E11: 30 | F11: =IF(C11<=0,0,IF(COUNTIF(Simulación!$R$5:$R$100,">0")>=96,97,COUNTIF(Simulación!$R$5:$R$100,">0")+1))
A12: 2 | B12: Préstamo de electrodomésticos | C12: 1200 | D12: 0.08 | E12: 60 | F12: =IF(C12<=0,0,IF(COUNTIF(Simulación!$S$5:$S$100,">0")>=96,97,COUNTIF(Simulación!$S$5:$S$100,">0")+1))
A13: 3 | B13: Tarjeta del banco | C13: 2400 | D13: 0.18 | E13: 75 | F13: =IF(C13<=0,0,IF(COUNTIF(Simulación!$T$5:$T$100,">0")>=96,97,COUNTIF(Simulación!$T$5:$T$100,">0")+1))
A14: 4 | B14: Préstamo del coche | C14: 6500 | D14: 0.06 | E14: 190 | F14: =IF(C14<=0,0,IF(COUNTIF(Simulación!$U$5:$U$100,">0")>=96,97,COUNTIF(Simulación!$U$5:$U$100,">0")+1))
A15: 5 | B15: Préstamo personal | C15: 9800 | D15: 0.07 | E15: 250 | F15: =IF(C15<=0,0,IF(COUNTIF(Simulación!$V$5:$V$100,">0")>=96,97,COUNTIF(Simulación!$V$5:$V$100,">0")+1))
A17: El pago extra más los mínimos forman el presupuesto mensual, que no cambia: cuando una deuda se liquida, su cuota pasa a la siguiente.
A18: Si una deuda no se liquida en 96 meses (8 años), la simulación muestra «más de 96».
A20: Plantilla gratuita de plantillasdeexcel.es

Sheet Simulación
A1: Simulación mes a mes
A2: No hace falta tocar nada en esta hoja: se calcula sola a partir de Deudas
A4: Mes | B4: Saldo inicial 1 | C4: Saldo inicial 2 | D4: Saldo inicial 3 | E4: Saldo inicial 4 | F4: Saldo inicial 5 | G4: Pago mín. 1 | H4: Pago mín. 2 | I4: Pago mín. 3 | J4: Pago mín. 4 | K4: Pago mín. 5 | L4: Sobrante | M4: Pago extra 1 | N4: Pago extra 2 | O4: Pago extra 3 | P4: Pago extra 4 | Q4: Pago extra 5 | R4: Saldo final 1 | S4: Saldo final 2 | T4: Saldo final 3 | U4: Saldo final 4 | V4: Saldo final 5 | W4: Intereses del mes
A5: 1 | B5: =Deudas!$C$11 | C5: =Deudas!$C$12 | D5: =Deudas!$C$13 | E5: =Deudas!$C$14 | F5: =Deudas!$C$15 | G5: =MIN(Deudas!$E$11,(Deudas!$C$11+ROUND(Deudas!$C$11*Deudas!$D$11/12,2))) | H5: =MIN(Deudas!$E$12,(Deudas!$C$12+ROUND(Deudas!$C$12*Deudas!$D$12/12,2))) | I5: =MIN(Deudas!$E$13,(Deudas!$C$13+ROUND(Deudas!$C$13*Deudas!$D$13/12,2))) | J5: =MIN(Deudas!$E$14,(Deudas!$C$14+ROUND(Deudas!$C$14*Deudas!$D$14/12,2))) | K5: =MIN(Deudas!$E$15,(Deudas!$C$15+ROUND(Deudas!$C$15*Deudas!$D$15/12,2))) | L5: =Deudas!$C$4+SUM(Deudas!$E$11:$E$15)-SUM(G5:K5) | M5: =MIN((Deudas!$C$11+ROUND(Deudas!$C$11*Deudas!$D$11/12,2))-G5,MAX(0,L5)) | N5: =MIN((Deudas!$C$12+ROUND(Deudas!$C$12*Deudas!$D$12/12,2))-H5,MAX(0,L5-SUM(M5:M5))) | O5: =MIN((Deudas!$C$13+ROUND(Deudas!$C$13*Deudas!$D$13/12,2))-I5,MAX(0,L5-SUM(M5:N5))) | P5: =MIN((Deudas!$C$14+ROUND(Deudas!$C$14*Deudas!$D$14/12,2))-J5,MAX(0,L5-SUM(M5:O5))) | Q5: =MIN((Deudas!$C$15+ROUND(Deudas!$C$15*Deudas!$D$15/12,2))-K5,MAX(0,L5-SUM(M5:P5))) | R5: =ROUND((Deudas!$C$11+ROUND(Deudas!$C$11*Deudas!$D$11/12,2))-G5-M5,2) | S5: =ROUND((Deudas!$C$12+ROUND(Deudas!$C$12*Deudas!$D$12/12,2))-H5-N5,2) | T5: =ROUND((Deudas!$C$13+ROUND(Deudas!$C$13*Deudas!$D$13/12,2))-I5-O5,2) | U5: =ROUND((Deudas!$C$14+ROUND(Deudas!$C$14*Deudas!$D$14/12,2))-J5-P5,2) | V5: =ROUND((Deudas!$C$15+ROUND(Deudas!$C$15*Deudas!$D$15/12,2))-K5-Q5,2) | W5: =ROUND(B5*Deudas!$D$11/12,2)+ROUND(C5*Deudas!$D$12/12,2)+ROUND(D5*Deudas!$D$13/12,2)+ROUND(E5*Deudas!$D$14/12,2)+ROUND(F5*Deudas!$D$15/12,2)
A6: 2 | B6: =R5 | C6: =S5 | D6: =T5 | E6: =U5 | F6: =V5 | G6: =MIN(Deudas!$E$11,(R5+ROUND(R5*Deudas!$D$11/12,2))) | H6: =MIN(Deudas!$E$12,(S5+ROUND(S5*Deudas!$D$12/12,2))) | I6: =MIN(Deudas!$E$13,(T5+ROUND(T5*Deudas!$D$13/12,2))) | J6: =MIN(Deudas!$E$14,(U5+ROUND(U5*Deudas!$D$14/12,2))) | K6: =MIN(Deudas!$E$15,(V5+ROUND(V5*Deudas!$D$15/12,2))) | L6: =Deudas!$C$4+SUM(Deudas!$E$11:$E$15)-SUM(G6:K6) | M6: =MIN((R5+ROUND(R5*Deudas!$D$11/12,2))-G6,MAX(0,L6)) | N6: =MIN((S5+ROUND(S5*Deudas!$D$12/12,2))-H6,MAX(0,L6-SUM(M6:M6))) | O6: =MIN((T5+ROUND(T5*Deudas!$D$13/12,2))-I6,MAX(0,L6-SUM(M6:N6))) | P6: =MIN((U5+ROUND(U5*Deudas!$D$14/12,2))-J6,MAX(0,L6-SUM(M6:O6))) | Q6: =MIN((V5+ROUND(V5*Deudas!$D$15/12,2))-K6,MAX(0,L6-SUM(M6:P6))) | R6: =ROUND((R5+ROUND(R5*Deudas!$D$11/12,2))-G6-M6,2) | S6: =ROUND((S5+ROUND(S5*Deudas!$D$12/12,2))-H6-N6,2) | T6: =ROUND((T5+ROUND(T5*Deudas!$D$13/12,2))-I6-O6,2) | U6: =ROUND((U5+ROUND(U5*Deudas!$D$14/12,2))-J6-P6,2) | V6: =ROUND((V5+ROUND(V5*Deudas!$D$15/12,2))-K6-Q6,2) | W6: =ROUND(B6*Deudas!$D$11/12,2)+ROUND(C6*Deudas!$D$12/12,2)+ROUND(D6*Deudas!$D$13/12,2)+ROUND(E6*Deudas!$D$14/12,2)+ROUND(F6*Deudas!$D$15/12,2)
A7: 3 | B7: =R6 | C7: =S6 | D7: =T6 | E7: =U6 | F7: =V6 | G7: =MIN(Deudas!$E$11,(R6+ROUND(R6*Deudas!$D$11/12,2))) | H7: =MIN(Deudas!$E$12,(S6+ROUND(S6*Deudas!$D$12/12,2))) | I7: =MIN(Deudas!$E$13,(T6+ROUND(T6*Deudas!$D$13/12,2))) | J7: =MIN(Deudas!$E$14,(U6+ROUND(U6*Deudas!$D$14/12,2))) | K7: =MIN(Deudas!$E$15,(V6+ROUND(V6*Deudas!$D$15/12,2))) | L7: =Deudas!$C$4+SUM(Deudas!$E$11:$E$15)-SUM(G7:K7) | M7: =MIN((R6+ROUND(R6*Deudas!$D$11/12,2))-G7,MAX(0,L7)) | N7: =MIN((S6+ROUND(S6*Deudas!$D$12/12,2))-H7,MAX(0,L7-SUM(M7:M7))) | O7: =MIN((T6+ROUND(T6*Deudas!$D$13/12,2))-I7,MAX(0,L7-SUM(M7:N7))) | P7: =MIN((U6+ROUND(U6*Deudas!$D$14/12,2))-J7,MAX(0,L7-SUM(M7:O7))) | Q7: =MIN((V6+ROUND(V6*Deudas!$D$15/12,2))-K7,MAX(0,L7-SUM(M7:P7))) | R7: =ROUND((R6+ROUND(R6*Deudas!$D$11/12,2))-G7-M7,2) | S7: =ROUND((S6+ROUND(S6*Deudas!$D$12/12,2))-H7-N7,2) | T7: =ROUND((T6+ROUND(T6*Deudas!$D$13/12,2))-I7-O7,2) | U7: =ROUND((U6+ROUND(U6*Deudas!$D$14/12,2))-J7-P7,2) | V7: =ROUND((V6+ROUND(V6*Deudas!$D$15/12,2))-K7-Q7,2) | W7: =ROUND(B7*Deudas!$D$11/12,2)+ROUND(C7*Deudas!$D$12/12,2)+ROUND(D7*Deudas!$D$13/12,2)+ROUND(E7*Deudas!$D$14/12,2)+ROUND(F7*Deudas!$D$15/12,2)
A8: 4 | B8: =R7 | C8: =S7 | D8: =T7 | E8: =U7 | F8: =V7 | G8: =MIN(Deudas!$E$11,(R7+ROUND(R7*Deudas!$D$11/12,2))) | H8: =MIN(Deudas!$E$12,(S7+ROUND(S7*Deudas!$D$12/12,2))) | I8: =MIN(Deudas!$E$13,(T7+ROUND(T7*Deudas!$D$13/12,2))) | J8: =MIN(Deudas!$E$14,(U7+ROUND(U7*Deudas!$D$14/12,2))) | K8: =MIN(Deudas!$E$15,(V7+ROUND(V7*Deudas!$D$15/12,2))) | L8: =Deudas!$C$4+SUM(Deudas!$E$11:$E$15)-SUM(G8:K8) | M8: =MIN((R7+ROUND(R7*Deudas!$D$11/12,2))-G8,MAX(0,L8)) | N8: =MIN((S7+ROUND(S7*Deudas!$D$12/12,2))-H8,MAX(0,L8-SUM(M8:M8))) | O8: =MIN((T7+ROUND(T7*Deudas!$D$13/12,2))-I8,MAX(0,L8-SUM(M8:N8))) | P8: =MIN((U7+ROUND(U7*Deudas!$D$14/12,2))-J8,MAX(0,L8-SUM(M8:O8))) | Q8: =MIN((V7+ROUND(V7*Deudas!$D$15/12,2))-K8,MAX(0,L8-SUM(M8:P8))) | R8: =ROUND((R7+ROUND(R7*Deudas!$D$11/12,2))-G8-M8,2) | S8: =ROUND((S7+ROUND(S7*Deudas!$D$12/12,2))-H8-N8,2) | T8: =ROUND((T7+ROUND(T7*Deudas!$D$13/12,2))-I8-O8,2) | U8: =ROUND((U7+ROUND(U7*Deudas!$D$14/12,2))-J8-P8,2) | V8: =ROUND((V7+ROUND(V7*Deudas!$D$15/12,2))-K8-Q8,2) | W8: =ROUND(B8*Deudas!$D$11/12,2)+ROUND(C8*Deudas!$D$12/12,2)+ROUND(D8*Deudas!$D$13/12,2)+ROUND(E8*Deudas!$D$14/12,2)+ROUND(F8*Deudas!$D$15/12,2)
A9: 5 | B9: =R8 | C9: =S8 | D9: =T8 | E9: =U8 | F9: =V8 | G9: =MIN(Deudas!$E$11,(R8+ROUND(R8*Deudas!$D$11/12,2))) | H9: =MIN(Deudas!$E$12,(S8+ROUND(S8*Deudas!$D$12/12,2))) | I9: =MIN(Deudas!$E$13,(T8+ROUND(T8*Deudas!$D$13/12,2))) | J9: =MIN(Deudas!$E$14,(U8+ROUND(U8*Deudas!$D$14/12,2))) | K9: =MIN(Deudas!$E$15,(V8+ROUND(V8*Deudas!$D$15/12,2))) | L9: =Deudas!$C$4+SUM(Deudas!$E$11:$E$15)-SUM(G9:K9) | M9: =MIN((R8+ROUND(R8*Deudas!$D$11/12,2))-G9,MAX(0,L9)) | N9: =MIN((S8+ROUND(S8*Deudas!$D$12/12,2))-H9,MAX(0,L9-SUM(M9:M9))) | O9: =MIN((T8+ROUND(T8*Deudas!$D$13/12,2))-I9,MAX(0,L9-SUM(M9:N9))) | P9: =MIN((U8+ROUND(U8*Deudas!$D$14/12,2))-J9,MAX(0,L9-SUM(M9:O9))) | Q9: =MIN((V8+ROUND(V8*Deudas!$D$15/12,2))-K9,MAX(0,L9-SUM(M9:P9))) | R9: =ROUND((R8+ROUND(R8*Deudas!$D$11/12,2))-G9-M9,2) | S9: =ROUND((S8+ROUND(S8*Deudas!$D$12/12,2))-H9-N9,2) | T9: =ROUND((T8+ROUND(T8*Deudas!$D$13/12,2))-I9-O9,2) | U9: =ROUND((U8+ROUND(U8*Deudas!$D$14/12,2))-J9-P9,2) | V9: =ROUND((V8+ROUND(V8*Deudas!$D$15/12,2))-K9-Q9,2) | W9: =ROUND(B9*Deudas!$D$11/12,2)+ROUND(C9*Deudas!$D$12/12,2)+ROUND(D9*Deudas!$D$13/12,2)+ROUND(E9*Deudas!$D$14/12,2)+ROUND(F9*Deudas!$D$15/12,2)
A10: 6 | B10: =R9 | C10: =S9 | D10: =T9 | E10: =U9 | F10: =V9 | G10: =MIN(Deudas!$E$11,(R9+ROUND(R9*Deudas!$D$11/12,2))) | H10: =MIN(Deudas!$E$12,(S9+ROUND(S9*Deudas!$D$12/12,2))) | I10: =MIN(Deudas!$E$13,(T9+ROUND(T9*Deudas!$D$13/12,2))) | J10: =MIN(Deudas!$E$14,(U9+ROUND(U9*Deudas!$D$14/12,2))) | K10: =MIN(Deudas!$E$15,(V9+ROUND(V9*Deudas!$D$15/12,2))) | L10: =Deudas!$C$4+SUM(Deudas!$E$11:$E$15)-SUM(G10:K10) | M10: =MIN((R9+ROUND(R9*Deudas!$D$11/12,2))-G10,MAX(0,L10)) | N10: =MIN((S9+ROUND(S9*Deudas!$D$12/12,2))-H10,MAX(0,L10-SUM(M10:M10))) | O10: =MIN((T9+ROUND(T9*Deudas!$D$13/12,2))-I10,MAX(0,L10-SUM(M10:N10))) | P10: =MIN((U9+ROUND(U9*Deudas!$D$14/12,2))-J10,MAX(0,L10-SUM(M10:O10))) | Q10: =MIN((V9+ROUND(V9*Deudas!$D$15/12,2))-K10,MAX(0,L10-SUM(M10:P10))) | R10: =ROUND((R9+ROUND(R9*Deudas!$D$11/12,2))-G10-M10,2) | S10: =ROUND((S9+ROUND(S9*Deudas!$D$12/12,2))-H10-N10,2) | T10: =ROUND((T9+ROUND(T9*Deudas!$D$13/12,2))-I10-O10,2) | U10: =ROUND((U9+ROUND(U9*Deudas!$D$14/12,2))-J10-P10,2) | V10: =ROUND((V9+ROUND(V9*Deudas!$D$15/12,2))-K10-Q10,2) | W10: =ROUND(B10*Deudas!$D$11/12,2)+ROUND(C10*Deudas!$D$12/12,2)+ROUND(D10*Deudas!$D$13/12,2)+ROUND(E10*Deudas!$D$14/12,2)+ROUND(F10*Deudas!$D$15/12,2)
A11: 7 | B11: =R10 | C11: =S10 | D11: =T10 | E11: =U10 | F11: =V10 | G11: =MIN(Deudas!$E$11,(R10+ROUND(R10*Deudas!$D$11/12,2))) | H11: =MIN(Deudas!$E$12,(S10+ROUND(S10*Deudas!$D$12/12,2))) | I11: =MIN(Deudas!$E$13,(T10+ROUND(T10*Deudas!$D$13/12,2))) | J11: =MIN(Deudas!$E$14,(U10+ROUND(U10*Deudas!$D$14/12,2))) | K11: =MIN(Deudas!$E$15,(V10+ROUND(V10*Deudas!$D$15/12,2))) | L11: =Deudas!$C$4+SUM(Deudas!$E$11:$E$15)-SUM(G11:K11) | M11: =MIN((R10+ROUND(R10*Deudas!$D$11/12,2))-G11,MAX(0,L11)) | N11: =MIN((S10+ROUND(S10*Deudas!$D$12/12,2))-H11,MAX(0,L11-SUM(M11:M11))) | O11: =MIN((T10+ROUND(T10*Deudas!$D$13/12,2))-I11,MAX(0,L11-SUM(M11:N11))) | P11: =MIN((U10+ROUND(U10*Deudas!$D$14/12,2))-J11,MAX(0,L11-SUM(M11:O11))) | Q11: =MIN((V10+ROUND(V10*Deudas!$D$15/12,2))-K11,MAX(0,L11-SUM(M11:P11))) | R11: =ROUND((R10+ROUND(R10*Deudas!$D$11/12,2))-G11-M11,2) | S11: =ROUND((S10+ROUND(S10*Deudas!$D$12/12,2))-H11-N11,2) | T11: =ROUND((T10+ROUND(T10*Deudas!$D$13/12,2))-I11-O11,2) | U11: =ROUND((U10+ROUND(U10*Deudas!$D$14/12,2))-J11-P11,2) | V11: =ROUND((V10+ROUND(V10*Deudas!$D$15/12,2))-K11-Q11,2) | W11: =ROUND(B11*Deudas!$D$11/12,2)+ROUND(C11*Deudas!$D$12/12,2)+ROUND(D11*Deudas!$D$13/12,2)+ROUND(E11*Deudas!$D$14/12,2)+ROUND(F11*Deudas!$D$15/12,2)
A12: 8 | B12: =R11 | C12: =S11 | D12: =T11 | E12: =U11 | F12: =V11 | G12: =MIN(Deudas!$E$11,(R11+ROUND(R11*Deudas!$D$11/12,2))) | H12: =MIN(Deudas!$E$12,(S11+ROUND(S11*Deudas!$D$12/12,2))) | I12: =MIN(Deudas!$E$13,(T11+ROUND(T11*Deudas!$D$13/12,2))) | J12: =MIN(Deudas!$E$14,(U11+ROUND(U11*Deudas!$D$14/12,2))) | K12: =MIN(Deudas!$E$15,(V11+ROUND(V11*Deudas!$D$15/12,2))) | L12: =Deudas!$C$4+SUM(Deudas!$E$11:$E$15)-SUM(G12:K12) | M12: =MIN((R11+ROUND(R11*Deudas!$D$11/12,2))-G12,MAX(0,L12)) | N12: =MIN((S11+ROUND(S11*Deudas!$D$12/12,2))-H12,MAX(0,L12-SUM(M12:M12))) | O12: =MIN((T11+ROUND(T11*Deudas!$D$13/12,2))-I12,MAX(0,L12-SUM(M12:N12))) | P12: =MIN((U11+ROUND(U11*Deudas!$D$14/12,2))-J12,MAX(0,L12-SUM(M12:O12))) | Q12: =MIN((V11+ROUND(V11*Deudas!$D$15/12,2))-K12,MAX(0,L12-SUM(M12:P12))) | R12: =ROUND((R11+ROUND(R11*Deudas!$D$11/12,2))-G12-M12,2) | S12: =ROUND((S11+ROUND(S11*Deudas!$D$12/12,2))-H12-N12,2) | T12: =ROUND((T11+ROUND(T11*Deudas!$D$13/12,2))-I12-O12,2) | U12: =ROUND((U11+ROUND(U11*Deudas!$D$14/12,2))-J12-P12,2) | V12: =ROUND((V11+ROUND(V11*Deudas!$D$15/12,2))-K12-Q12,2) | W12: =ROUND(B12*Deudas!$D$11/12,2)+ROUND(C12*Deudas!$D$12/12,2)+ROUND(D12*Deudas!$D$13/12,2)+ROUND(E12*Deudas!$D$14/12,2)+ROUND(F12*Deudas!$D$15/12,2)
A13: 9 | B13: =R12 | C13: =S12 | D13: =T12 | E13: =U12 | F13: =V12 | G13: =MIN(Deudas!$E$11,(R12+ROUND(R12*Deudas!$D$11/12,2))) | H13: =MIN(Deudas!$E$12,(S12+ROUND(S12*Deudas!$D$12/12,2))) | I13: =MIN(Deudas!$E$13,(T12+ROUND(T12*Deudas!$D$13/12,2))) | J13: =MIN(Deudas!$E$14,(U12+ROUND(U12*Deudas!$D$14/12,2))) | K13: =MIN(Deudas!$E$15,(V12+ROUND(V12*Deudas!$D$15/12,2))) | L13: =Deudas!$C$4+SUM(Deudas!$E$11:$E$15)-SUM(G13:K13) | M13: =MIN((R12+ROUND(R12*Deudas!$D$11/12,2))-G13,MAX(0,L13)) | N13: =MIN((S12+ROUND(S12*Deudas!$D$12/12,2))-H13,MAX(0,L13-SUM(M13:M13))) | O13: =MIN((T12+ROUND(T12*Deudas!$D$13/12,2))-I13,MAX(0,L13-SUM(M13:N13))) | P13: =MIN((U12+ROUND(U12*Deudas!$D$14/12,2))-J13,MAX(0,L13-SUM(M13:O13))) | Q13: =MIN((V12+ROUND(V12*Deudas!$D$15/12,2))-K13,MAX(0,L13-SUM(M13:P13))) | R13: =ROUND((R12+ROUND(R12*Deudas!$D$11/12,2))-G13-M13,2) | S13: =ROUND((S12+ROUND(S12*Deudas!$D$12/12,2))-H13-N13,2) | T13: =ROUND((T12+ROUND(T12*Deudas!$D$13/12,2))-I13-O13,2) | U13: =ROUND((U12+ROUND(U12*Deudas!$D$14/12,2))-J13-P13,2) | V13: =ROUND((V12+ROUND(V12*Deudas!$D$15/12,2))-K13-Q13,2) | W13: =ROUND(B13*Deudas!$D$11/12,2)+ROUND(C13*Deudas!$D$12/12,2)+ROUND(D13*Deudas!$D$13/12,2)+ROUND(E13*Deudas!$D$14/12,2)+ROUND(F13*Deudas!$D$15/12,2)
A14: 10 | B14: =R13 | C14: =S13 | D14: =T13 | E14: =U13 | F14: =V13 | G14: =MIN(Deudas!$E$11,(R13+ROUND(R13*Deudas!$D$11/12,2))) | H14: =MIN(Deudas!$E$12,(S13+ROUND(S13*Deudas!$D$12/12,2))) | I14: =MIN(Deudas!$E$13,(T13+ROUND(T13*Deudas!$D$13/12,2))) | J14: =MIN(Deudas!$E$14,(U13+ROUND(U13*Deudas!$D$14/12,2))) | K14: =MIN(Deudas!$E$15,(V13+ROUND(V13*Deudas!$D$15/12,2))) | L14: =Deudas!$C$4+SUM(Deudas!$E$11:$E$15)-SUM(G14:K14) | M14: =MIN((R13+ROUND(R13*Deudas!$D$11/12,2))-G14,MAX(0,L14)) | N14: =MIN((S13+ROUND(S13*Deudas!$D$12/12,2))-H14,MAX(0,L14-SUM(M14:M14))) | O14: =MIN((T13+ROUND(T13*Deudas!$D$13/12,2))-I14,MAX(0,L14-SUM(M14:N14))) | P14: =MIN((U13+ROUND(U13*Deudas!$D$14/12,2))-J14,MAX(0,L14-SUM(M14:O14))) | Q14: =MIN((V13+ROUND(V13*Deudas!$D$15/12,2))-K14,MAX(0,L14-SUM(M14:P14))) | R14: =ROUND((R13+ROUND(R13*Deudas!$D$11/12,2))-G14-M14,2) | S14: =ROUND((S13+ROUND(S13*Deudas!$D$12/12,2))-H14-N14,2) | T14: =ROUND((T13+ROUND(T13*Deudas!$D$13/12,2))-I14-O14,2) | U14: =ROUND((U13+ROUND(U13*Deudas!$D$14/12,2))-J14-P14,2) | V14: =ROUND((V13+ROUND(V13*Deudas!$D$15/12,2))-K14-Q14,2) | W14: =ROUND(B14*Deudas!$D$11/12,2)+ROUND(C14*Deudas!$D$12/12,2)+ROUND(D14*Deudas!$D$13/12,2)+ROUND(E14*Deudas!$D$14/12,2)+ROUND(F14*Deudas!$D$15/12,2)
A15: 11 | B15: =R14 | C15: =S14 | D15: =T14 | E15: =U14 | F15: =V14 | G15: =MIN(Deudas!$E$11,(R14+ROUND(R14*Deudas!$D$11/12,2))) | H15: =MIN(Deudas!$E$12,(S14+ROUND(S14*Deudas!$D$12/12,2))) | I15: =MIN(Deudas!$E$13,(T14+ROUND(T14*Deudas!$D$13/12,2))) | J15: =MIN(Deudas!$E$14,(U14+ROUND(U14*Deudas!$D$14/12,2))) | K15: =MIN(Deudas!$E$15,(V14+ROUND(V14*Deudas!$D$15/12,2))) | L15: =Deudas!$C$4+SUM(Deudas!$E$11:$E$15)-SUM(G15:K15) | M15: =MIN((R14+ROUND(R14*Deudas!$D$11/12,2))-G15,MAX(0,L15)) | N15: =MIN((S14+ROUND(S14*Deudas!$D$12/12,2))-H15,MAX(0,L15-SUM(M15:M15))) | O15: =MIN((T14+ROUND(T14*Deudas!$D$13/12,2))-I15,MAX(0,L15-SUM(M15:N15))) | P15: =MIN((U14+ROUND(U14*Deudas!$D$14/12,2))-J15,MAX(0,L15-SUM(M15:O15))) | Q15: =MIN((V14+ROUND(V14*Deudas!$D$15/12,2))-K15,MAX(0,L15-SUM(M15:P15))) | R15: =ROUND((R14+ROUND(R14*Deudas!$D$11/12,2))-G15-M15,2) | S15: =ROUND((S14+ROUND(S14*Deudas!$D$12/12,2))-H15-N15,2) | T15: =ROUND((T14+ROUND(T14*Deudas!$D$13/12,2))-I15-O15,2) | U15: =ROUND((U14+ROUND(U14*Deudas!$D$14/12,2))-J15-P15,2) | V15: =ROUND((V14+ROUND(V14*Deudas!$D$15/12,2))-K15-Q15,2) | W15: =ROUND(B15*Deudas!$D$11/12,2)+ROUND(C15*Deudas!$D$12/12,2)+ROUND(D15*Deudas!$D$13/12,2)+ROUND(E15*Deudas!$D$14/12,2)+ROUND(F15*Deudas!$D$15/12,2)
A16: 12 | B16: =R15 | C16: =S15 | D16: =T15 | E16: =U15 | F16: =V15 | G16: =MIN(Deudas!$E$11,(R15+ROUND(R15*Deudas!$D$11/12,2))) | H16: =MIN(Deudas!$E$12,(S15+ROUND(S15*Deudas!$D$12/12,2))) | I16: =MIN(Deudas!$E$13,(T15+ROUND(T15*Deudas!$D$13/12,2))) | J16: =MIN(Deudas!$E$14,(U15+ROUND(U15*Deudas!$D$14/12,2))) | K16: =MIN(Deudas!$E$15,(V15+ROUND(V15*Deudas!$D$15/12,2))) | L16: =Deudas!$C$4+SUM(Deudas!$E$11:$E$15)-SUM(G16:K16) | M16: =MIN((R15+ROUND(R15*Deudas!$D$11/12,2))-G16,MAX(0,L16)) | N16: =MIN((S15+ROUND(S15*Deudas!$D$12/12,2))-H16,MAX(0,L16-SUM(M16:M16))) | O16: =MIN((T15+ROUND(T15*Deudas!$D$13/12,2))-I16,MAX(0,L16-SUM(M16:N16))) | P16: =MIN((U15+ROUND(U15*Deudas!$D$14/12,2))-J16,MAX(0,L16-SUM(M16:O16))) | Q16: =MIN((V15+ROUND(V15*Deudas!$D$15/12,2))-K16,MAX(0,L16-SUM(M16:P16))) | R16: =ROUND((R15+ROUND(R15*Deudas!$D$11/12,2))-G16-M16,2) | S16: =ROUND((S15+ROUND(S15*Deudas!$D$12/12,2))-H16-N16,2) | T16: =ROUND((T15+ROUND(T15*Deudas!$D$13/12,2))-I16-O16,2) | U16: =ROUND((U15+ROUND(U15*Deudas!$D$14/12,2))-J16-P16,2) | V16: =ROUND((V15+ROUND(V15*Deudas!$D$15/12,2))-K16-Q16,2) | W16: =ROUND(B16*Deudas!$D$11/12,2)+ROUND(C16*Deudas!$D$12/12,2)+ROUND(D16*Deudas!$D$13/12,2)+ROUND(E16*Deudas!$D$14/12,2)+ROUND(F16*Deudas!$D$15/12,2)
A17: 13 | B17: =R16 | C17: =S16 | D17: =T16 | E17: =U16 | F17: =V16 | G17: =MIN(Deudas!$E$11,(R16+ROUND(R16*Deudas!$D$11/12,2))) | H17: =MIN(Deudas!$E$12,(S16+ROUND(S16*Deudas!$D$12/12,2))) | I17: =MIN(Deudas!$E$13,(T16+ROUND(T16*Deudas!$D$13/12,2))) | J17: =MIN(Deudas!$E$14,(U16+ROUND(U16*Deudas!$D$14/12,2))) | K17: =MIN(Deudas!$E$15,(V16+ROUND(V16*Deudas!$D$15/12,2))) | L17: =Deudas!$C$4+SUM(Deudas!$E$11:$E$15)-SUM(G17:K17) | M17: =MIN((R16+ROUND(R16*Deudas!$D$11/12,2))-G17,MAX(0,L17)) | N17: =MIN((S16+ROUND(S16*Deudas!$D$12/12,2))-H17,MAX(0,L17-SUM(M17:M17))) | O17: =MIN((T16+ROUND(T16*Deudas!$D$13/12,2))-I17,MAX(0,L17-SUM(M17:N17))) | P17: =MIN((U16+ROUND(U16*Deudas!$D$14/12,2))-J17,MAX(0,L17-SUM(M17:O17))) | Q17: =MIN((V16+ROUND(V16*Deudas!$D$15/12,2))-K17,MAX(0,L17-SUM(M17:P17))) | R17: =ROUND((R16+ROUND(R16*Deudas!$D$11/12,2))-G17-M17,2) | S17: =ROUND((S16+ROUND(S16*Deudas!$D$12/12,2))-H17-N17,2) | T17: =ROUND((T16+ROUND(T16*Deudas!$D$13/12,2))-I17-O17,2) | U17: =ROUND((U16+ROUND(U16*Deudas!$D$14/12,2))-J17-P17,2) | V17: =ROUND((V16+ROUND(V16*Deudas!$D$15/12,2))-K17-Q17,2) | W17: =ROUND(B17*Deudas!$D$11/12,2)+ROUND(C17*Deudas!$D$12/12,2)+ROUND(D17*Deudas!$D$13/12,2)+ROUND(E17*Deudas!$D$14/12,2)+ROUND(F17*Deudas!$D$15/12,2)
... A100: 96 | B100: =R99 | C100: =S99 | D100: =T99 | E100: =U99 | F100: =V99 | G100: =MIN(Deudas!$E$11,(R99+ROUND(R99*Deudas!$D$11/12,2))) | H100: =MIN(Deudas!$E$12,(S99+ROUND(S99*Deudas!$D$12/12,2))) | I100: =MIN(Deudas!$E$13,(T99+ROUND(T99*Deudas!$D$13/12,2))) | J100: =MIN(Deudas!$E$14,(U99+ROUND(U99*Deudas!$D$14/12,2))) | K100: =MIN(Deudas!$E$15,(V99+ROUND(V99*Deudas!$D$15/12,2))) | L100: =Deudas!$C$4+SUM(Deudas!$E$11:$E$15)-SUM(G100:K100) | M100: =MIN((R99+ROUND(R99*Deudas!$D$11/12,2))-G100,MAX(0,L100)) | N100: =MIN((S99+ROUND(S99*Deudas!$D$12/12,2))-H100,MAX(0,L100-SUM(M100:M100))) | O100: =MIN((T99+ROUND(T99*Deudas!$D$13/12,2))-I100,MAX(0,L100-SUM(M100:N100))) | P100: =MIN((U99+ROUND(U99*Deudas!$D$14/12,2))-J100,MAX(0,L100-SUM(M100:O100))) | Q100: =MIN((V99+ROUND(V99*Deudas!$D$15/12,2))-K100,MAX(0,L100-SUM(M100:P100))) | R100: =ROUND((R99+ROUND(R99*Deudas!$D$11/12,2))-G100-M100,2) | S100: =ROUND((S99+ROUND(S99*Deudas!$D$12/12,2))-H100-N100,2) | T100: =ROUND((T99+ROUND(T99*Deudas!$D$13/12,2))-I100-O100,2) | U100: =ROUND((U99+ROUND(U99*Deudas!$D$14/12,2))-J100-P100,2) | V100: =ROUND((V99+ROUND(V99*Deudas!$D$15/12,2))-K100-Q100,2) | W100: =ROUND(B100*Deudas!$D$11/12,2)+ROUND(C100*Deudas!$D$12/12,2)+ROUND(D100*Deudas!$D$13/12,2)+ROUND(E100*Deudas!$D$14/12,2)+ROUND(F100*Deudas!$D$15/12,2)
